 Dungeon Crawl Stone Soup version 0.28.0-47-ge53b351184 (webtiles) character file.

Game seed: 18316190216065618081

903 Descartes the Shield-Bearer (level 8, -2/56 HPs)
             Began as a Formicid Warper on May 9, 2022.
             Was an Initiate of Gozag.
             Slain by a centaur (4 damage)
             ... on level 5 of the Dungeon.
             The game lasted 00:15:07 (6587 turns).

Descartes the Shield-Bearer (Formicid Warper)       Turns: 6587, Time: 00:15:08

Health: -2/56      AC:  9    Str: 16    XL:     8   Next: 29%
Magic:  11/11      EV:  9    Int: 13    God:    Gozag
Gold:   398        SH:  0    Dex: 10    Spells: 6/11 levels left

rFire   . . .      SeeInvis +   a - +0 mace (venom)
rCold   . . .      Faith    .   (no shield)
rNeg    . . .      Spirit   .   b - +1 scale mail of the Hall of Blades {Regen+ rCorr Str-2}
rPois   .          Reflect  .   (helmet unavailable)
rElec   .          Harm     .   x - +0 cloak
rCorr   +          Rampage  .   (no gloves)
Will    .....                   (no boots)
Stlth   ..........              (no amulet)
HPRegen 0.98/turn               (no ring)
MPRegen 0.12/turn               (no ring)

@: gold aura
A: permanent stasis, dig shafts and tunnels, antennae 3, four strong arms
a: Dig, Shaft Self, Renounce Religion, Potion Petition, Call Merchant, Bribe
Branch


You were on level 5 of the Dungeon.
You worshipped Gozag.
Gozag was aware of your devotion.
You visited 2 branches of the dungeon, and saw 6 of its levels.
You also visited: Sewer and Ossuary.

You collected 562 gold pieces.
You spent 96 gold pieces at shops.
You paid 68 gold pieces to Gozag.

Inventory:

Hand Weapons
 a - a +0 mace of venom (weapon)
Missiles
 c - 5 boomerangs of dispersal (quivered)
 h - 104 stones
 l - 25 sling bullets
 m - 16 poisoned darts
 r - 2 curare-tipped darts
 u - 23 bolts
 y - 24 arrows
Armour
 b - the +1 scale mail of the Hall of Blades (worn) {Regen+ rCorr Str-2}
   (You took it off an orc on level 3 of the Dungeon)

   Str:       It affects your strength (-2).
   Regen:     It increases your rate of health regeneration.
   rCorr:     It protects you from acid and corrosion.
 p - the +1 leather armour "Tasashril" {rF+ rC+ Will+ Stlth+}
   (You found it on level 2 of the Dungeon)

   rF:        It protects you from fire.
   rC:        It protects you from cold.
   Will:      It increases your willpower.
   Stlth:     It makes you more stealthy.
 x - a +0 cloak (worn)
 z - a +0 chain mail of cold resistance
Wands
 o - a wand of digging (2)
 v - a wand of flame (16)
Scrolls
 e - 3 scrolls of amnesia
 j - a scroll of holy word
 w - 2 scrolls of immolation
 A - a scroll of blinking
Potions
 f - 8 potions of curing
 g - 2 potions of mutation
 i - a potion of brilliance {unknown}
 k - a potion of might {unknown}
 n - a potion of haste {unknown}
 q - a potion of degeneration {unknown}
 s - a potion of magic {unknown}
 t - 3 potions of ambrosia
 B - a potion of heal wounds {unknown}
 D - a potion of resistance {unknown}


   Skills:
 - Level 2.1 Fighting
 + Level 4.8 Maces & Flails
 - Level 1.0 Throwing
 + Level 4.8 Armour
 - Level 1.7 Dodging
 + Level 5.1 Shields
 - Level 2.1 Spellcasting
 + Level 4.8 Translocations


You had 6 spell levels left.
You knew the following spells:

 Your Spells              Type           Power      Damage    Failure   Level
a - Manifold Assault      Tloc           14%        N/A       97%         5

Your spell library contained the following spells:

 Spells                   Type           Power      Damage    Failure   Level
 Gell's Gravitas          Tloc           14%        N/A       32%         3
 Lesser Beckoning         Tloc           14%        N/A       32%         3
 Teleport Other           Tloc           14%        N/A       32%         3
 Freeze                   Ice            4%         1d3       63%         1
 Conjure Flame            Conj/Fire      1%         6-21      94%         3
 Dazzling Flash           Conj/Hex       2%         N/A       94%         3
 Frozen Ramparts          Ice            2%         1d2       94%         3
 Ignite Poison            Fire/Tmut/Pois 1%         N/A       94%         3
 Hailstorm                Conj/Ice       1%         3d3       100%        4
 Sticky Flame             Conj/Fire      1%         2d3       100%        4
 Agony                    Necr           1%         N/A       100%        5
 Silence                  Hex/Air        0%         N/A       100%        5
 Blink                    Tloc           Unusable   N/A       N/A         2

Dungeon Overview and Level Annotations

Branches:
Dungeon (5/15)             Temple (1/1) D:4           Sewer (visited)
Ossuary (visited)

Altars:
Cheibriados
Dithmenos
Fedhas
Gozag
Hepliaklqana
Kikubaaqudgha
Makhleb
Nemelex Xobeh
Okawaru
Sif Muna
Trog
Uskayaw
Vehumet
Xom
Yredelemnul
Zin

Shops:
D:3 *


Innate Abilities, Weirdness & Mutations

You cannot be hasted, slowed, berserked, paralysed or teleported.
You can dig through walls and to a lower floor.
You have a pair of large antennae on your head. (SInv)
Your four strong arms can wield two-handed weapons with a shield.


Message History

The worm closely misses you.
You hit the worm.
The worm is heavily wounded.
The worm barely misses you.
You completely miss the worm.
The worm is heavily wounded.
You barely miss the worm. You punch the worm, but do no damage.
The worm is heavily wounded.
The worm bites you.
* * * LOW HITPOINT WARNING * * *
You hit the worm.
The worm looks even sicker.
The worm is severely wounded.
The worm barely misses you.
You sock the worm!
You kill the worm!
The centaur shoots an arrow.
The arrow hits you!
* * * LOW HITPOINT WARNING * * *
The giant cockroach bites you but does no damage.
You barely miss the giant cockroach. The giant cockroach barely misses you.
You barely miss the giant cockroach. The giant cockroach closely misses you.
Unknown command.
You hit the giant cockroach but do no damage.
The giant cockroach is poisoned.
The giant cockroach barely misses you.
The giant cockroach bites you but does no damage.
You hit the giant cockroach.
You kill the giant cockroach!
The centaur unwields a +0 shortbow.
The centaur hits you but does no damage.
The centaur kicks you but does no damage.
You barely miss the centaur. The centaur hits you.
* * * LOW HITPOINT WARNING * * *
The centaur kicks you but does no damage.
You hit the centaur.
The centaur is poisoned.
The centaur is lightly wounded.
The centaur hits you.
* * * LOW HITPOINT WARNING * * *
The centaur kicks you but does no damage.
The centaur hits you.
You die...
Your body crumbles into a pile of gold.

.........##.. .#
........##..###.. !.
.......##..#.#.# ..
#.#...........# #.
..#...........# ..
.##.....≈≈≈...# .#
.##....≈≈≈≈≈..## .#
.......≈≈.≈≈...##$###.#
.##.#..≈≈≈≈≈...c@.....#
.##.....≈≈≈...#####.###
..#...........#
#.#.#.........#
.#...$...#####
...#####.# .#.# #.# .
>.


You could see a centaur (very poisoned).

Vanquished Creatures
  Pargi (Sewer)
  A black bear (D:4)
  2 ogres
  4 water moccasin zombies (Ossuary)
  A water moccasin skeleton (D:4)
  3 orc priests
  2 mummies (Ossuary)
  3 adders
  An adder skeleton (D:4)
  6 adder zombies (Ossuary)
  2 worms
  9 orcs
  10 endoplasms
  8 giant cockroaches
  2 gnoll zombies (Ossuary)
  10 goblins
  6 hobgoblins
  2 jackals (D:4)
  7 quokkas
  8 ball pythons
  2 bats
  4 frilled lizards
  2 hobgoblin zombies (Ossuary)
  5 kobolds
  6 kobold zombies (Ossuary)
  5 orc zombies (Ossuary)
  6 rats
118 creatures vanquished.

Vanquished Creatures (others)
  An orc wizard (D:3)
1 creature vanquished.

Grand Total: 119 creatures vanquished

Notes
Turn   | Place    | Note
-------+----------+-------------------------------------------
     0 | D:1      | Descartes the Formicid Warper began the quest for the Orb.
     0 | D:1      | Reached XP level 1. HP: 16/16 MP: 3/3
   238 | D:1      | Reached XP level 2. HP: 9/22 MP: 5/5
   450 | D:1      | Found a faded altar of an unknown god.
   498 | D:1      | Reached skill level 1 in Shields
   952 | D:1      | Reached XP level 3. HP: 11/26 MP: 6/6
  1530 | D:2      | Identified the +1 leather armour "Tasashril" {rF+ rC+ Will+
                  | Stlth+}
  2300 | D:2      | Reached XP level 4. HP: 27/33 MP: 7/7
  2762 | D:3      | Reached skill level 2 in Shields
  3275 | D:3      | Found an ancient bone altar of Kikubaaqudgha.
  3375 | D:3      | Found Qikh's General Store.
  3795 | D:3      | Identified the +1 scale mail of the Hall of Blades {Regen+
                  | rCorr Str-2}
  4020 | D:3      | Reached XP level 5. HP: 38/38 MP: 8/8
  4792 | D:4      | Found a staircase to the Ecumenical Temple.
  4799 | D:4      | Noticed a black bear
  4826 | D:4      | Killed a black bear
  4827 | D:4      | Reached skill level 3 in Shields
  4827 | D:4      | Reached XP level 6. HP: 37/44 MP: 9/9
  4832 | Temple   | Entered the Ecumenical Temple
  4897 | Temple   | Became a worshipper of Gozag Ym Sagoz the Greedy
  5080 | D:4      | Found a sand-covered staircase.
  5115 | Ossuary  | Entered an ossuary
  5139 | Ossuary  | Learned a level 5 spell: Manifold Assault
  5272 | Ossuary  | Reached XP level 7. HP: 50/50 MP: 10/10
  5316 | Ossuary  | Reached skill level 4 in Shields
  5779 | D:4      | Found a shimmering altar of Xom.
  5863 | D:4      | Found a sparkling altar of Nemelex Xobeh.
  6010 | D:3      | Bought 3 scrolls of identify for 72 gold pieces
  6010 | D:3      | Bought a scroll of identify for 24 gold pieces
  6185 | D:5      | Entered Level 5 of the Dungeon
  6328 | D:5      | Found a glowing drain.
  6338 | Sewer    | Entered a sewer
  6362 | Sewer    | Reached XP level 8. HP: 56/56 MP: 11/11
  6413 | Sewer    | Noticed Pargi
  6425 | Sewer    | Killed Pargi
  6571 | D:5      | Reached skill level 5 in Shields
  6587 | D:5      | HP: 2/56 [centaur (6)]
  6587 | D:5      | Slain by a centaur

Illustrated notes

Levels and vault maps discovered:
D:1:      dpeg_arrival_round_a, layout_basic, nicolae_ecumenical_lake_church
D:2:      layout_loops_ring, st_stairs_3, minmay_goblin_kobold_house
D:3:      layout_loops_ring, mainiacjoe_overflow_24_doors, serial_shops,
          nicolae_shop_crystal, lemuel_flame_loot_1
D:4:      layout_basic, mainiacjoe_overflow_swirl,
          minmay_temple_entry_junction_2, nicolae_ossuary_entry_false_entrances
D:5:      kennysheep_big_flooded_room, layout_loops_cross,
          grunt_temple_overflow_open, portal_sewer_entry_a, uniq_grinder
Temple:   nicolae_temple_figure_eight

Skill      XL: |  1  2  3  4  5  6  7  8 |
---------------+-------------------------+-----
Shields        | 1 2 3 4 5 |  5.1
Translocations | 3 4 |  4.8
Armour         | 2 3 4 |  4.8
Maces & Flails | 3 4 |  4.8
Fighting       | |  2.1
Throwing       | |  1.0
Dodging        | |  1.7
Spellcasting   | |  2.1

Action                   |  1- 3 |  4- 6 |  7- 9 || total
-------------------------+-------+-------+-------++-------
Melee: Mace              |   113 |   255 |   175 ||   543
       Punch             |       |     2 |     4 ||     6
 Abil: Dig               |       |       |     1 ||     1
Evoke: Wand              |       |       |     5 ||     5
  Use: Scroll            |       |     6 |     7 ||    13
 Stab: Sleeping          |     1 |     1 |       ||     2
       Distracted        |       |       |     1 ||     1
Armor: Leather armour    |    28 |    21 |       ||    49
       Ring mail         |    13 |       |       ||    13
       Scale mail        |       |   116 |    93 ||   209
Dodge: Dodged            |    72 |   178 |   104 ||   354
